[Event "Titled Tuesday Blitz January 31 Late 2023"]
[White "Harshavardhan G B"]
[Black "Khoroshev, Nikita"]
[WhiteFideId "25059009"]
[BlackFideId "14200287"]
[WhiteElo "2408"]
[BlackElo "2336"]
[Result "1-0"]
[Round "07"]
[TimeControl "180+2"]
[Date "2023.01.31"]
[WhiteClock "0:01:39"]
[BlackClock "0:01:10"]

1. d4 Nf6 2. c4 g6 3. Nc3 Bg7 4. e4 d6 5. Nf3 O-O 6. Be2 Na6 7. Be3 Ng4 8. Bg5 h6 9. Bc1 c5 10. d5 e6 11. h3 Nf6 12. O-O exd5 13. exd5 Bf5 14. Be3 Re8 15. Qd2 Kh7 16. a3 Ne4 17. Nxe4 Bxe4 18. Rae1 Qb6 19. b4 Qd8 20. Nh2 g5 21. b5 Nc7 22. Bd3 Bxd3 23. Qxd3+ Kg8 24. f4 Rxe3 25. Rxe3 Bd4 26. Kh1 Bxe3 27. Qxe3 Qe8 28. Qg3 Qe7 29. Ng4 Qe2 30. Re1 gxf4 31. Nf6+ Kh8 32. Qh4 Qxe1+ 33. Qxe1 1-0


[Site "https://www.chess.com"]

[Event "Titled Tuesday Blitz January 31 Late 2023"]
[White "Bas Mas, Jose Joaquin"]
[Black "Maximov, Dmitry"]
[WhiteFideId "22219064"]
[BlackFideId "14105659"]
[WhiteElo "2197"]
[BlackElo "2497"]
[Result "0-1"]
[Round "07"]
[TimeControl "180+2"]
[Date "2023.01.31"]
[WhiteClock "0:00:05"]
[BlackClock "0:00:06"]

1. e4 c5 2. Nc3 Nc6 3. Bb5 Nd4 4. Nf3 Nxb5 5. Nxb5 a6 6. Nc3 e6 7. d4 cxd4 8. Qxd4 Ne7 9. b3 Nc6 10. Qd2 Be7 11. Bb2 O-O 12. h4 Bf6 13. O-O-O Qa5 14. Kb1 b5 15. g4 b4 16. Na4 Bxb2 17. Nxb2 d5 18. exd5 exd5 19. Nd4 Qc5 20. Na4 Qxd4 21. Qxd4 Nxd4 22. Rxd4 Rb8 23. f3 Be6 24. Nc5 a5 25. Re1 Rb6 26. Kb2 Rc6 27. Nd3 Rfc8 28. Re2 Rc3 29. Ne1 g6 30. a3 bxa3+ 31. Kxa3 Kg7 32. Kb2 h6 33. Rd3 R3c5 34. Ng2 g5 35. hxg5 hxg5 36. Ne3 Kf6 37. Red2 Ke5 38. c3 f6 39. Nc2 Bf7 40. Nd4 Bg6 41. Re3+ Kf4 42. Re6 Rf8 43. Ra6 Ke3 44. Re2+ Kd3 45. Rc2 Re8 46. Rd6 Re1 47. Ne6 Rb5 48. Nc7 Rc5 49. Rxd5+ Rxd5 50. Nxd5 f5 51. gxf5 Bxf5 52. c4 Kd4 53. Rd2+ Kc5 54. Kc3 Rf1 55. Ne3 Rxf3 56. Re2 Be4 57. Kd2 Bc6 58. Rh2 Kb4 59. Rh5 Rg3 60. Nc2+ Kc5 61. Kc1 Be4 62. Na1 Kd4 63. Kb2 Rg2+ 64. Ka3 Rg1 65. Kb2 g4 66. Nc2+ Kd3 67. Na3 Rg2+ 68. Ka1 Kc3 69. Nb1+ Kxb3 70. Rb5+ Kxc4 71. Na3+ Kd4 72. Rxa5 g3 73. Ra4+ Ke3 74. Nc4+ Kf4 75. Nd6 Re2 76. Nxe4 Rxe4 77. Ra8 g2 78. Rf8+ Kg3 79. Rg8+ Rg4 0-1


[Site "https://www.chess.com"]

[Event "Titled Tuesday Blitz January 31 Late 2023"]
[White "Tworuszka, Michal"]
[Black "Gutkin, Ilya"]
[WhiteFideId "1117858"]
[BlackFideId "16203470"]
[WhiteElo "2260"]
[BlackElo "2273"]
[Result "1-0"]
[Round "07"]
[TimeControl "180+2"]
[Date "2023.01.31"]
[WhiteClock "0:00:25"]
[BlackClock "0:00:15"]

1. d4 e6 2. e4 d5 3. Nd2 c5 4. Ngf3 cxd4 5. exd5 Qxd5 6. Bc4 Qd6 7. Qe2 Nf6 8. Nb3 Nc6 9. Bg5 h6 10. Bxf6 gxf6 11. O-O-O Qc7 12. Nbxd4 Nxd4 13. Nxd4 a6 14. Kb1 Bd7 15. Nxe6 fxe6 16. Qh5+ Ke7 17. Rd4 Qe5 18. Rxd7+ Kxd7 19. Qf7+ Kc6 20. Rd1 Bd6 21. Bxe6 Rad8 22. Bd5+ Kc5 23. Qxb7 Qxb2+ 24. Qxb2 Rb8 25. Bb3 Be5 26. Qa3+ Kc6 27. Qxa6+ Rb6 28. Qa4+ Kc5 29. Qc4# 1-0


[Site "https://www.chess.com"]

[Event "Titled Tuesday Blitz January 31 Late 2023"]
[White "Baskakov, Egor"]
[Black "Prydun, Andriy"]
[WhiteFideId "24197866"]
[BlackFideId "14145898"]
[WhiteElo "2215"]
[BlackElo "2134"]
[Result "1/2-1/2"]
[Round "07"]
[TimeControl "180+2"]
[Date "2023.01.31"]
[WhiteClock "0:00:50"]
[BlackClock "0:00:03"]

1. e4 c6 2. d4 d5 3. e5 Qc7 4. c4 Be6 5. cxd5 Bxd5 6. Nc3 e6 7. Nxd5 exd5 8. Bd3 Bb4+ 9. Bd2 Bxd2+ 10. Qxd2 Nd7 11. f4 Ne7 12. Nf3 f5 13. exf6 Nxf6 14. O-O O-O 15. Ne5 Ne4 16. Qc2 Nf5 17. Bxe4 dxe4 18. Qxe4 Rad8 19. Rad1 Qb6 20. Kh1 Qxb2 21. d5 cxd5 22. Rxd5 Nd6 23. Qd3 Nf7 24. Rxd8 Rxd8 25. Qc4 Rf8 26. Rd1 Qa3 27. Rd7 Qe3 28. h3 b5 29. Qd5 Qc1+ 30. Kh2 Qxf4+ 31. Kg1 Qc1+ 32. Kf2 Qb2+ 33. Ke1 Qxe5+ 34. Qxe5 Nxe5 35. Rxa7 Nc4 36. Ke2 Rf5 37. a4 bxa4 38. Rxa4 Nd6 39. Ra6 Ne4 40. Ke3 Nf6 41. g4 Rd5 42. Kf4 h5 43. g5 Nd7 44. h4 Nf8 45. g6 Rd7 46. Kg5 Rd5+ 47. Kf4 Rc5 48. Rb6 Rd5 49. Ra6 1/2-1/2


[Site "https://www.chess.com"]

[Event "Titled Tuesday Blitz January 31 Late 2023"]
[White "Pulpan, Jakub"]
[Black "Blomqvist, Erik"]
[WhiteFideId "302759"]
[BlackFideId "1709437"]
[WhiteElo "2427"]
[BlackElo "2523"]
[Result "0-1"]
[Round "07"]
[TimeControl "180+2"]
[Date "2023.01.31"]
[WhiteClock "0:01:05"]
[BlackClock "0:00:58"]

1. d4 d5 2. Nc3 Nf6 3. Bg5 c5 4. e4 Nxe4 5. Nxe4 dxe4 6. dxc5 Qa5+ 7. c3 Qxc5 8. Qa4+ Nc6 9. Be3 Qe5 10. Ne2 Bd7 11. Ng3 f5 12. Ne2 Qc7 13. Nd4 Nxd4 14. Qxd4 e5 15. Qd5 f4 16. Bb5 fxe3 17. O-O-O O-O-O 18. Bxd7+ Rxd7 19. Qxe4 exf2 20. Rxd7 Qxd7 21. Qc4+ Qc6 22. Qg4+ Kb8 23. Qf5 Bc5 24. Qxe5+ Ka8 25. Rd1 a6 0-1


[Site "https://www.chess.com"]

[Event "Titled Tuesday Blitz January 31 Late 2023"]
[White "Musovic, Armin"]
[Black "Goltsev, Dmitry"]
[WhiteFideId "939935"]
[BlackFideId "24176710"]
[WhiteElo "2261"]
[BlackElo "2269"]
[Result "1/2-1/2"]
[Round "07"]
[TimeControl "180+2"]
[Date "2023.01.31"]
[WhiteClock "0:00:06"]
[BlackClock "0:00:16"]

1. e4 e6 2. d4 d5 3. Nd2 c5 4. Ngf3 Nf6 5. e5 Ne4 6. c3 cxd4 7. Nxd4 Nc6 8. N2f3 Bc5 9. Bd3 Qb6 10. O-O O-O 11. Bc2 Rd8 12. a3 a5 13. h4 h6 14. Qd3 Bd7 15. Be3 Rac8 16. b4 axb4 17. axb4 Bxb4 18. Nxe6 Bc5 19. Bxc5 Qb2 20. Nxd8 Nxd8 21. Bd4 Bb5 22. Rfb1 Qxb1+ 23. Rxb1 Bxd3 24. Bxd3 Nxc3 25. Rb3 Ne4 26. Bxe4 dxe4 27. Nd2 Rc1+ 28. Kh2 Rd1 29. Be3 Nc6 30. Rxb7 Nxe5 31. Nxe4 f5 32. Nc5 Ng4+ 33. Kg3 Rd6 34. Rd7 Rc6 35. Bd4 g6 36. f3 Nf6 37. Bxf6 Rxf6 38. Kf4 Rc6 39. Nd3 Ra6 40. Ne5 Ra4+ 41. Kg3 g5 42. h5 Rh4 43. Kf2 Rxh5 44. g4 fxg4 45. fxg4 Rh4 46. Ke3 h5 47. Ke4 hxg4 48. Kf5 g3 49. Kf6 Rf4+ 50. Kg6 Kf8 51. Rd3 g2 52. Rg3 Rf2 53. Kxg5 Ke7 54. Kg4 Ra2 55. Ng6+ Kf6 56. Nf4 Ra8 57. Rxg2 Rg8+ 58. Kf3 Rxg2 59. Nd5+ Ke5 60. Kxg2 1/2-1/2


[Site "https://www.chess.com"]

[Event "Titled Tuesday Blitz January 31 Late 2023"]
[White "Migot, Tangi"]
[Black "Santos Ruiz, Miguel"]
[WhiteFideId "662445"]
[BlackFideId "22291482"]
[WhiteElo "2373"]
[BlackElo "2590"]
[Result "0-1"]
[Round "07"]
[TimeControl "180+2"]
[Date "2023.01.31"]
[WhiteClock "0:01:38"]
[BlackClock "0:00:45"]

1. d4 Nf6 2. Nd2 d5 3. Ngf3 c5 4. dxc5 Nc6 5. Nb3 e5 6. Bg5 Bxc5 7. Bxf6 gxf6 8. Nxc5 Qa5+ 9. Qd2 Qxc5 10. O-O-O Be6 11. e3 Ke7 12. Kb1 Rhc8 13. c3 a5 14. Nh4 b5 15. f4 b4 16. f5 bxc3 17. Qxc3 Qxc3 18. bxc3 Rab8+ 19. Ka1 Bd7 20. Rxd5 Na7 21. c4 Nc6 22. Be2 Nb4 23. Rd2 Ba4 24. Rc1 Rd8 25. Rxd8 Rxd8 26. Nf3 Nc2+ 27. Kb2 Nxe3 28. Rc3 Nxg2 29. Ra3 Bc6 30. Kc3 Nf4 31. Ng1 Rg8 32. Bf3 e4 33. Ne2 exf3 34. Nxf4 f2 0-1


[Site "https://www.chess.com"]

[Event "Titled Tuesday Blitz January 31 Late 2023"]
[White "Hambleton, Aman"]
[Black "Sztokbant, Bernardo Vainzoff"]
[WhiteFideId "2606577"]
[BlackFideId "2115956"]
[WhiteElo "2420"]
[BlackElo "2213"]
[Result "1-0"]
[Round "07"]
[TimeControl "180+2"]
[Date "2023.01.31"]
[WhiteClock "0:00:03"]
[BlackClock "0:00:03"]

1. d4 Nf6 2. Bf4 g6 3. Nc3 d5 4. e3 Bg7 5. h4 h5 6. Nf3 Bg4 7. Be2 Nbd7 8. Ne5 Bxe2 9. Qxe2 c6 10. O-O-O O-O 11. f3 Nxe5 12. Bxe5 Nd7 13. Bxg7 Kxg7 14. e4 dxe4 15. fxe4 Nf6 16. Rhf1 Qd7 17. e5 Ng4 18. Ne4 b6 19. Ng5 e6 20. Ne4 Qe7 21. Nf6 Rh8 22. g3 Nh6 23. Qe3 Nf5 24. Qg5 Kf8 25. Rd3 Rd8 26. Rfd1 Kg7 27. a3 c5 28. dxc5 Rxd3 29. Rxd3 Qxc5 30. Qf4 Qg1+ 31. Rd1 Qxg3 32. Qe4 Rc8 33. Kb1 Qxh4 34. Qb7 Qc4 35. c3 Rc7 36. Qxc7 Qxc7 37. Ne8+ Kh6 38. Nxc7 g5 39. Ne8 Kg6 40. Nd6 g4 41. Rf1 Ne3 42. Re1 Nf5 43. Rf1 Nxd6 44. exd6 g3 45. d7 g2 46. Rg1 1-0


[Site "https://www.chess.com"]

[Event "Titled Tuesday Blitz January 31 Late 2023"]
[White "Pasti, Aron"]
[Black "Akobian, Varuzhan"]
[WhiteFideId "785857"]
[BlackFideId "13300580"]
[WhiteElo "2361"]
[BlackElo "2591"]
[Result "1/2-1/2"]
[Round "07"]
[TimeControl "180+2"]
[Date "2023.01.31"]
[WhiteClock "0:00:45"]
[BlackClock "0:00:43"]

1. e4 d6 2. d4 Nf6 3. Nc3 c6 4. f4 Qa5 5. Bd3 e5 6. Nf3 exd4 7. Nxd4 Qb6 8. Nb3 a5 9. Qe2 a4 10. Be3 Qb4 11. a3 axb3 12. axb4 Rxa1+ 13. Kd2 Rxh1 14. e5 dxe5 15. fxe5 Ng4 16. e6 Bxe6 17. Bf4 Nd7 18. Bf5 bxc2 19. Kxc2 Ngf6 20. Bxe6 fxe6 21. Qxe6+ Kd8 22. b5 Bb4 23. bxc6 bxc6 24. Qxc6 Bxc3 25. bxc3 Ke7 26. Bd6+ Kf7 27. Qc4+ Kg6 28. Qd3+ Kh6 29. Qh3+ Kg6 30. Qd3+ Kf7 31. Qc4+ Kg6 32. Qd3+ 1/2-1/2


[Site "https://www.chess.com"]

[Event "Titled Tuesday Blitz January 31 Late 2023"]
[White "Filgueira, Hernan"]
[Black "Jaracz, Pawel"]
[WhiteFideId "101770"]
[BlackFideId "1102222"]
[WhiteElo "2283"]
[BlackElo "2467"]
[Result "0-1"]
[Round "07"]
[TimeControl "180+2"]
[Date "2023.01.31"]
[WhiteClock "0:00:03"]
[BlackClock "0:00:39"]

1. e4 d6 2. d4 g6 3. Nc3 c6 4. a4 a5 5. Nf3 Bg4 6. Be2 Bg7 7. Be3 Nd7 8. Nd2 Bxe2 9. Qxe2 Ngf6 10. O-O O-O 11. f4 Nb6 12. Rad1 e6 13. Kh1 d5 14. e5 Nfd7 15. Bg1 Qe7 16. g4 f6 17. h3 Rae8 18. Bh2 Qb4 19. Nf3 Qxb2 20. Rd3 Qb4 21. Rb1 Qc4 22. Nd2 Qa6 23. Qg2 fxe5 24. dxe5 Nc5 25. Rf3 Nc4 26. Nf1 Ne4 27. Nxe4 dxe4 28. Rfb3 Rf7 29. Qxe4 Nxe5 30. Nd2 Nd7 31. Nc4 Nc5 32. Qe2 Nxb3 33. cxb3 Rd7 34. Rd1 Rxd1+ 35. Qxd1 b5 0-1


[Site "https://www.chess.com"]

[Event "Titled Tuesday Blitz January 31 Late 2023"]
[White "Hirneise, Jens"]
[Black "Averjanov, Alexey"]
[WhiteFideId "24614734"]
[BlackFideId "14109867"]
[WhiteElo "2277"]
[BlackElo "2399"]
[Result "0-1"]
[Round "07"]
[TimeControl "180+2"]
[Date "2023.01.31"]
[WhiteClock "0:00:12"]
[BlackClock "0:01:04"]

1. d4 d5 2. Nf3 Nf6 3. Bg5 Ne4 4. Bc1 c5 5. e3 Nc6 6. c3 Bf5 7. Nbd2 e6 8. Nxe4 Bxe4 9. Be2 Qb6 10. O-O Be7 11. dxc5 Bxc5 12. b4 Be7 13. a4 Bf6 14. a5 Qc7 15. Nd4 O-O 16. Bb2 Ne5 17. Qb3 Rac8 18. b5 Nc4 19. b6 Qb8 20. bxa7 Qxa7 21. Bxc4 Rxc4 22. Qb6 Qxb6 23. axb6 Bd8 24. Ra7 Bxb6 25. Rxb7 Ba5 26. Rc1 Rfc8 27. Rb5 Bd8 28. Ra1 R4c7 29. Rba5 h6 30. Ra8 Bf6 31. Nb5 Rc5 32. Nd4 Kh7 33. h3 Bg6 34. R1a7 R5c7 35. Rxc7 Rxa8 36. Rb7 Ra2 37. f3 Bd3 38. Kf2 Kg6 39. g3 Bc4 40. h4 h5 41. Kg2 Bd8 42. Nc6 Bf6 43. Nd4 e5 44. Nc6 Kf5 45. Rb6 g5 46. hxg5 Bxg5 47. f4 exf4 48. Nd4+ Ke4 49. gxf4 Be7 50. Kg3 Bc5 51. Rb7 Kxe3 52. Nf5+ Kd3 53. Nh6 Kc2 54. Nxf7 Rxb2 55. Rc7 Bb6 0-1


[Site "https://www.chess.com"]

[Event "Titled Tuesday Blitz January 31 Late 2023"]
[White "Schekachikhin, Maksim"]
[Black "Cardoso Cardoso, Jose Gabriel"]
[WhiteFideId "24177830"]
[BlackFideId "4430492"]
[WhiteElo "2371"]
[BlackElo "2492"]
[Result "0-1"]
[Round "07"]
[TimeControl "180+2"]
[Date "2023.01.31"]
[WhiteClock "0:01:42"]
[BlackClock "0:02:00"]

1. b3 e5 2. Bb2 Nc6 3. c4 Nf6 4. Nf3 e4 5. Nd4 Bc5 6. Nf5 O-O 7. e3 d5 8. cxd5 Qxd5 9. Ng3 Be7 10. Nc3 Qg5 11. Ncxe4 Nxe4 12. Nxe4 Qg6 13. d3 Bf5 14. Nc3 Rad8 15. e4 Bg4 16. Qc1 Nb4 17. a3 Nxd3+ 18. Bxd3 Rxd3 19. Nd5 Qxe4+ 0-1


[Site "https://www.chess.com"]

[Event "Titled Tuesday Blitz January 31 Late 2023"]
[White "Poltorak, Sebastian"]
[Black "Bilych, Olexiy"]
[WhiteFideId "1199498"]
[BlackFideId "14156504"]
[WhiteElo "2354"]
[BlackElo "2441"]
[Result "1-0"]
[Round "07"]
[TimeControl "180+2"]
[Date "2023.01.31"]
[WhiteClock "0:00:45"]
[BlackClock "0:00:06"]

1. e4 c5 2. Nc3 Nc6 3. Bb5 Nd4 4. Nf3 g6 5. Nxd4 cxd4 6. Ne2 Bg7 7. O-O Qa5 8. Bc4 Nf6 9. d3 d5 10. exd5 Nxd5 11. Bd2 Qd8 12. Qc1 Bg4 13. Bh6 Kf8 14. Nxd4 Nb6 15. Bxg7+ Kxg7 16. Qf4 Nxc4 17. dxc4 h5 18. h3 Bc8 19. Rad1 Qb6 20. Rfe1 Qf6 21. Qe3 Re8 22. b3 Bd7 23. Nf3 Bc6 24. Ne5 Kg8 25. Nxc6 Qxc6 26. Qe4 Qc7 27. Qe5 Qc6 28. Qd5 Qc7 29. Qd7 Rac8 30. Qxc7 Rxc7 31. Rd3 Rec8 32. Red1 Kg7 33. Rd7 Kf6 34. Kf1 h4 35. Ke2 b5 36. Rxc7 Rxc7 37. cxb5 Rxc2+ 38. Rd2 Rc5 39. a4 Rc3 40. Rd7 Rc2+ 41. Ke1 Rc1+ 42. Kd2 Rf1 43. Ke2 Rb1 44. Rxa7 Rb2+ 45. Ke1 Rxb3 46. Ra6+ Ke5 47. b6 Kd4 48. Ke2 e5 49. a5 Rb2+ 50. Kd1 Kd3 51. Kc1 Kc3 52. Ra7 Rxf2 53. Rc7+ Kd3 54. b7 Rf1+ 55. Kb2 e4 56. b8=Q e3 57. Qd8+ Ke2 58. Rc2+ Ke1 59. Qd3 1-0


[Site "https://www.chess.com"]

[Event "Titled Tuesday Blitz January 31 Late 2023"]
[White "Costachi, Mihnea"]
[Black "Defend, Balint"]
[WhiteFideId "1217518"]
[BlackFideId "17004853"]
[WhiteElo "2476"]
[BlackElo "1673"]
[Result "1-0"]
[Round "07"]
[TimeControl "180+2"]
[Date "2023.01.31"]
[WhiteClock "0:00:55"]
[BlackClock "0:00:06"]

1. Nc3 c5 2. Nf3 d5 3. e3 e6 4. b3 Nf6 5. Bb2 b6 6. g3 Bb7 7. Bg2 Nc6 8. O-O g6 9. d3 Bg7 10. e4 d4 11. Ne2 O-O 12. h3 Qc7 13. Nd2 e5 14. f4 exf4 15. gxf4 Ne7 16. Nf3 Nh5 17. Qd2 f5 18. Ng5 Qd7 19. e5 Bxg2 20. Kxg2 Nd5 21. Ng3 Ne3+ 22. Kh2 Nxf1+ 23. Rxf1 Nxg3 24. Kxg3 Qd5 25. h4 Rae8 26. Nf3 Rf7 27. Qh2 Rc7 28. h5 gxh5 29. Qxh5 Qf7 30. Qh3 Qg6+ 31. Kf2 Qg4 32. Qh2 Rc6 33. Rg1 Rh6 34. Rxg4 Rxh2+ 35. Nxh2 fxg4 36. Nxg4 h5 37. Nh2 Bh6 38. Bc1 Kf7 39. Kf3 Ke6 40. Ke4 Rd8 41. f5+ Kf7 42. Bxh6 Rg8 43. Nf3 h4 44. Kf4 h3 45. e6+ Ke8 46. f6 Rh8 47. f7+ Ke7 48. f8=Q+ Rxf8+ 49. Bxf8+ Kxf8 50. Ke5 Ke7 51. a4 a5 52. Nh2 Ke8 53. Kd6 Kd8 54. e7+ Ke8 55. Ng4 h2 1-0


[Site "https://www.chess.com"]

[Event "Titled Tuesday Blitz January 31 Late 2023"]
[White "Ehlvest, Jaan"]
[Black "Bjelobrk, Igor"]
[WhiteFideId "4500016"]
[BlackFideId "4300726"]
[WhiteElo "2530"]
[BlackElo "2403"]
[Result "0-1"]
[Round "07"]
[TimeControl "180+2"]
[Date "2023.01.31"]
[WhiteClock "0:00:04"]
[BlackClock "0:00:23"]

1. e4 e6 2. Nf3 d5 3. e5 c5 4. b4 cxb4 5. d4 Bd7 6. a3 Qa5 7. Bd3 Bb5 8. O-O Bxd3 9. Qxd3 Nc6 10. Nbd2 Nge7 11. Nb3 Qb6 12. Bd2 Ng6 13. Rfb1 Rc8 14. axb4 a6 15. Nc5 Bxc5 16. bxc5 Qc7 17. h4 h6 18. c3 Nge7 19. h5 Rb8 20. Nh2 O-O 21. Qg3 Kh8 22. Ng4 Nf5 23. Qf4 b6 24. cxb6 Rxb6 25. Rc1 a5 26. Nh2 Rb2 27. g4 Nfe7 28. Nf3 f6 29. c4 Qd8 30. Qg3 fxe5 31. dxe5 d4 0-1


[Site "https://www.chess.com"]

[Event "Titled Tuesday Blitz January 31 Late 2023"]
[White "Real_OceanStorm"]
[Black "Kleiman, Jake"]
[BlackFideId "2020041"]
[WhiteElo "2671"]
[BlackElo "2399"]
[Result "1-0"]
[Round "07"]
[TimeControl "180+2"]
[Date "2023.01.31"]
[WhiteClock "0:00:14"]
[BlackClock "0:00:17"]

1. Nf3 Nf6 2. b3 e6 3. Bb2 d5 4. g3 a5 5. Bg2 a4 6. O-O a3 7. Bc1 Be7 8. d4 O-O 9. c4 b6 10. cxd5 exd5 11. Ne5 Re8 12. Nc3 Bb7 13. Bf4 Nc6 14. Nb5 Nb4 15. Nxf7 Kxf7 16. Nxc7 Qd7 17. Nxa8 Bxa8 18. Qd2 Kg8 19. e3 Ne4 20. Bxe4 dxe4 21. Be5 Nd3 22. f4 Bb4 23. Qe2 Bd5 24. f5 Bd6 25. Bxd6 Qxd6 26. f6 g6 27. Qg4 Bf7 28. Qg5 h5 29. Qh6 Qf8 30. Qg5 Kh7 31. g4 Qh6 32. Qxh6+ Kxh6 33. gxh5 gxh5 34. Rf5 Rg8+ 35. Kf1 Rf8 36. Rb5 Be6 37. Kg1 Rxf6 38. h4 Rg6+ 39. Rg5 Rxg5+ 40. hxg5+ Kxg5 41. Kf1 h4 42. Kg2 Kg4 43. Rf1 h3+ 44. Kh2 Kh4 45. Rf8 Bg4 46. Rh8+ Bh5 47. d5 Ne5 48. d6 Nf3+ 49. Kh1 Ne5 50. Kh2 Ng4+ 51. Kg1 Ne5 52. Rh7 Kg4 53. d7 Nxd7 54. Rxd7 Kg3 55. Rg7+ Bg4 56. Kh1 b5 57. Kg1 Kf3 58. Kh2 Bf5 59. Rf7 Kg4 60. Rf6 b4 61. Rf7 Be6 62. Rf4+ Kg5 63. Rxe4 Bxb3 64. axb3 a2 65. Re5+ Kg4 66. Ra5 Kf3 67. Rxa2 Kxe3 68. Ra4 Kd3 69. Rxb4 Kc3 70. Rh4 Kxb3 71. Rxh3+ 1-0


[Site "https://www.chess.com"]

[Event "Titled Tuesday Blitz January 31 Late 2023"]
[White "Leiva, Gianmarco"]
[Black "Do Valle Cardoso, Lucas"]
[WhiteFideId "3804399"]
[BlackFideId "2163144"]
[WhiteElo "2392"]
[BlackElo "2250"]
[Result "1-0"]
[Round "07"]
[TimeControl "180+2"]
[Date "2023.01.31"]
[WhiteClock "0:00:34"]
[BlackClock "0:00:22"]

1. e4 c5 2. Nf3 d6 3. Bb5+ Bd7 4. Bxd7+ Nxd7 5. c4 Ngf6 6. d3 g6 7. Nc3 Bg7 8. Rb1 O-O 9. a3 Ng4 10. Bd2 Nge5 11. Nxe5 Nxe5 12. Be3 Nc6 13. Ne2 a5 14. b3 f5 15. O-O e6 16. Qd2 Qe7 17. Rfe1 Rf7 18. exf5 gxf5 19. d4 cxd4 20. Nxd4 Bxd4 21. Bxd4 e5 22. Bc3 f4 23. Rbd1 Rf6 24. Qd5+ Qf7 25. Qxf7+ Kxf7 26. f3 Rb8 27. Rd5 b6 28. Red1 Ke7 29. b4 axb4 30. axb4 Re6 31. b5 Nd8 32. Ra1 Rb7 33. Be1 Rg6 34. Ra8 Rc7 35. Bh4+ Kd7 36. Rxd8+ 1-0


[Site "https://www.chess.com"]

[Event "Titled Tuesday Blitz January 31 Late 2023"]
[White "Vlassov, Nikolai"]
[Black "Cruz, William Ferreira Da"]
[WhiteFideId "4103360"]
[BlackFideId "2118050"]
[WhiteElo "2283"]
[BlackElo "2216"]
[Result "1/2-1/2"]
[Round "07"]
[TimeControl "180+2"]
[Date "2023.01.31"]
[WhiteClock "0:00:08"]
[BlackClock "0:00:27"]

1. e4 e6 2. c4 d5 3. cxd5 exd5 4. Qb3 dxe4 5. Bc4 Qf6 6. Nc3 Nh6 7. Nxe4 Qe7 8. d3 Qb4+ 9. Bd2 Qxb3 10. Bxb3 Nf5 11. Ng5 Nd6 12. O-O-O Be7 13. Re1 Nc6 14. N1f3 O-O 15. h4 Bf6 16. Ne4 Nxe4 17. dxe4 Nd4 18. Nxd4 Bxd4 19. f4 Be6 20. Bxe6 fxe6 21. g4 c5 22. Rhf1 b5 23. Kc2 a5 24. Bc3 Rad8 25. Rd1 Bxc3 26. bxc3 Rxd1 27. Kxd1 b4 28. Kc2 Rd8 29. Rd1 Rxd1 30. Kxd1 c4 31. Kc2 Kf7 32. Kb2 Kf6 33. e5+ Kf7 34. h5 g6 35. cxb4 axb4 36. a3 bxa3+ 37. Kxa3 gxh5 38. gxh5 Kg7 39. Kb4 Kh6 40. f5 exf5 41. Kxc4 Kg7 42. Kd5 Kf7 43. e6+ Ke7 44. Ke5 f4 45. Kxf4 Kxe6 46. Kg5 Kf7 47. Kh6 Kg8 48. Kg5 Kh8 49. Kf6 Kg8 50. h6 Kf8 51. Ke6 Ke8 52. Kf6 Kf8 53. Ke6 Ke8 54. Kf6 Kf8 1/2-1/2


[Site "https://www.chess.com"]

[Event "Titled Tuesday Blitz January 31 Late 2023"]
[White "Can, Melih Kaan"]
[Black "Fiorito, Joaquin"]
[WhiteFideId "6317383"]
[BlackFideId "180173"]
[WhiteElo "2069"]
[BlackElo "2405"]
[Result "0-1"]
[Round "07"]
[TimeControl "180+2"]
[Date "2023.01.31"]
[WhiteClock "0:00:35"]
[BlackClock "0:01:50"]

1. d4 Nf6 2. c4 e6 3. Nc3 Bb4 4. e3 O-O 5. Bd3 d5 6. Nf3 dxc4 7. Bxc4 c5 8. a3 Ba5 9. O-O Nc6 10. dxc5 Bxc3 11. Qxd8 Rxd8 12. bxc3 e5 13. a4 Bg4 14. a5 a6 15. h3 Bh5 16. Ra4 Bg6 17. Bb2 Bc2 18. Raa1 Ne4 19. Rfc1 Bd3 20. Bxd3 Rxd3 21. c4 Nxc5 22. Nxe5 Nxe5 23. Bxe5 Nb3 24. Rd1 Rad8 25. Rxd3 Rxd3 26. Rb1 Nxa5 27. Bc7 Nb3 28. Kf1 f6 29. Ke2 Rc3 30. Rb2 Rxc4 31. Bb6 Rb4 32. Bc5 Nc1+ 0-1


[Site "https://www.chess.com"]

[Event "Titled Tuesday Blitz January 31 Late 2023"]
[White "Andreassen, Lars"]
[Black "Bambino Filho, Antonio Carlos"]
[WhiteFideId "1504878"]
[BlackFideId "2113163"]
[WhiteElo "2168"]
[BlackElo "2144"]
[Result "1/2-1/2"]
[Round "07"]
[TimeControl "180+2"]
[Date "2023.01.31"]
[WhiteClock "0:00:25"]
[BlackClock "0:01:06"]

1. d4 c5 2. Nf3 cxd4 3. c3 dxc3 4. Nxc3 Nf6 5. e4 d6 6. e5 dxe5 7. Qxd8+ Kxd8 8. Nxe5 Ke8 9. Bc4 e6 10. Bg5 Nc6 11. Nxc6 bxc6 12. O-O h6 13. Bxf6 gxf6 14. Ne4 Be7 15. Rfd1 Rb8 16. b3 Bd7 17. Nd6+ Bxd6 18. Rxd6 Ke7 19. Rad1 Rhd8 20. f4 Be8 21. R6d3 Rxd3 22. Rxd3 Rd8 23. Rh3 Rd4 24. f5 Rd1+ 25. Kf2 Rd2+ 26. Kf3 Rxa2 27. Rxh6 e5 28. h4 c5 29. Rh7 Bc6+ 30. Ke3 Be8 31. g4 Rg2 32. Kf3 Bc6+ 33. Ke3 Be8 34. Kf3 Rg1 35. h5 Kf8 36. Rh8+ Ke7 37. Rh7 Kf8 38. Rh8+ Ke7 39. Rh7 1/2-1/2


[Site "https://www.chess.com"]

[Event "Titled Tuesday Blitz January 31 Late 2023"]
[White "Kouskoutis, Georgios-Alexandros"]
[Black "Paveto, Kevin"]
[WhiteFideId "4234049"]
[BlackFideId "173444"]
[WhiteElo "2295"]
[BlackElo "2427"]
[Result "1/2-1/2"]
[Round "07"]
[TimeControl "180+2"]
[Date "2023.01.31"]
[WhiteClock "0:00:05"]
[BlackClock "0:01:28"]

1. c4 Nf6 2. g3 c6 3. Bg2 d5 4. Nf3 dxc4 5. a4 a5 6. Na3 Bf5 7. Nxc4 e6 8. O-O Bb4 9. d3 O-O 10. b3 Nbd7 11. Bb2 h6 12. Qc2 Re8 13. Rac1 Qc7 14. Nfe5 Nxe5 15. Bxe5 Qe7 16. Qb2 Rad8 17. Qa1 Bh7 18. Rfd1 Rf8 19. h3 Ne8 20. Bc3 f6 21. Nxa5 Bxa5 22. Bxa5 Ra8 23. Bc3 Nc7 24. Qb2 Rfd8 25. e4 e5 26. d4 exd4 27. Rxd4 Ne6 28. Rxd8+ Rxd8 29. Qe2 Kh8 30. Rd1 Re8 31. Qc4 Ng5 32. Re1 Bg8 33. Qb4 Qd7 34. h4 Ne6 35. e5 f5 36. Qd6 Qc8 37. b4 f4 38. b5 cxb5 39. Bb4 fxg3 40. axb5 gxf2+ 41. Kxf2 Qc2+ 42. Kg1 Nf4 43. Qd2 Qc4 44. Re4 Qxb5 45. Qxf4 Bd5 46. Rd4 Bxg2 47. Kxg2 Qe2+ 48. Qf2 Qxe5 49. Rf4 Qd5+ 50. Rf3 Re4 51. Bc3 Rg4+ 52. Kh2 Qd6+ 53. Rg3 Rxh4+ 54. Kg2 Qd5+ 55. Qf3 Qxf3+ 56. Kxf3 Kg8 57. Rxg7+ Kf8 58. Rxb7 Rh3+ 59. Kg4 Rxc3 60. Kh5 Rc6 61. Rh7 Kg8 62. Rxh6 Rc5+ 63. Kg4 Kg7 64. Rd6 1/2-1/2


[Site "https://www.chess.com"]

[Event "Titled Tuesday Blitz January 31 Late 2023"]
[White "Jeet, Jain"]
[Black "Dourerassou, Jonathan"]
[WhiteFideId "5073022"]
[BlackFideId "628050"]
[WhiteElo "2199"]
[BlackElo "2414"]
[Result "1-0"]
[Round "07"]
[TimeControl "180+2"]
[Date "2023.01.31"]
[WhiteClock "0:00:22"]
[BlackClock "0:00:06"]

1. Nf3 Nf6 2. g3 g6 3. Bg2 Bg7 4. O-O O-O 5. d4 d6 6. Nbd2 Nbd7 7. e4 a6 8. a4 c5 9. c3 cxd4 10. cxd4 Rb8 11. a5 b5 12. axb6 Nxb6 13. Re1 Bb7 14. e5 dxe5 15. dxe5 Nfd5 16. e6 f6 17. Ne4 Nb4 18. Qb3 N6d5 19. Nc5 Bc8 20. Rd1 Rb5 21. Be3 Qd6 22. Ne1 Rd8 23. Rac1 Bxe6 24. Nxe6 Qxe6 25. Bf1 Kf7 26. Bxb5 axb5 27. Nd3 Nxe3 28. Qxe6+ Kxe6 29. Nc5+ Kf7 30. Rxd8 Nc4 31. b3 Nd6 32. Rb8 Bh6 33. Rd1 Nc6 34. Rb6 Ne5 35. Nb7 Ne4 36. Kg2 Nc3 37. Rd8 f5 38. h3 Bg7 39. f4 Nc4 40. bxc4 bxc4 41. Rc8 Nd5 42. Nd8+ Ke8 43. Ne6+ Kd7 44. Rd8# 1-0


[Site "https://www.chess.com"]